 Dungeon Crawl Stone Soup version 0.28.0-47-ge53b351184 (webtiles) character file.

Game seed: 1645143271763480995

4 101zpm the Chiller (level 1, 0/13 HPs)
             Began as a Vampire Ice Elementalist on Apr 29, 2022.
             Slain by a goblin
             ... wielding a +0 club
             ... led by Robin
              (5 damage)
             ... on level 3 of the Dungeon.
             The game lasted 00:01:22 (231 turns).

101zpm the Chiller (Vampire Ice Elementalist)        Turns: 231, Time: 00:01:23

Health: 0/13       AC:  2    Str:  7    XL:     1   Next: 58%
Magic:  3/3        EV: 12    Int: 17    God:
Gold:   0          SH:  0    Dex: 14    Spells: 3/4 levels left

rFire   . . .      SeeInvis +   b - +3 dagger (speed)
rCold   . . .      Faith    .   (no shield)
rNeg    . . .      Spirit   .   a - +0 robe
rPois   .          Reflect  .   (no helmet)
rElec   .          Harm     .   (no cloak)
rCorr   .          Rampage  .   (no gloves)
Will    .....                   (no boots)
Stlth   ++........              (no amulet)
HPRegen 0.24/turn               (no ring)
MPRegen 0.08/turn               (no ring)

@: healing quickly
A: alive, fangs 3, see invisible, vampiric 1
a: Exsanguinate


You were on level 3 of the Dungeon.
You visited 1 branch of the dungeon, and saw 3 of its levels.

Inventory:

Hand Weapons
 b - a +3 dagger of speed (weapon)
Missiles
 c - a throwing net
Armour
 a - a +0 robe (worn)


   Skills:
 * Level 0.4 Short Blades
 + Level 2.2 Dodging
 + Level 3.0 Stealth
 + Level 2.1 Spellcasting
 + Level 4.1 Ice Magic


You had 3 spell levels left.
You knew the following spells:

 Your Spells              Type           Power      Damage    Failure   Level
a - Freeze                Ice            60%        1d8       3%          1

Your spell library contained the following spells:

 Spells                   Type           Power      Damage    Failure   Level
 Frozen Ramparts          Ice            30%        1d5       11%         3
 Ozocubu's Armour         Ice            15%        N/A       11%         3
 Hailstorm                Conj/Ice       8%         3d4       63%         4


Dungeon Overview and Level Annotations

Branches:
Dungeon (2/15)

Altars:

Shops:
D:3 (

Annotations:
D:3 Robin


Innate Abilities, Weirdness & Mutations

Your natural rate of healing is accelerated.
You have razor-sharp teeth.
You have supernaturally acute eyesight. (SInv)
You are afflicted with vampirism.


Message History

Ouch! That really hurt!
* * * LOW HITPOINT WARNING * * *
You are too injured to fight recklessly!
You are too injured to fight recklessly!
You see here a throwing net.
c - a throwing net
There is a shaft here.
You fall into a shaft and drop 1 floor!
The shaft crumbles and collapses.
Found a fuming emerald potion.
Found Cowingut's Antique Weapon Boutique.
Found a stone staircase leading down. 2 goblins come into view.
Found a metallic puce potion.
You see here a fuming emerald potion.
The goblin shouts! x5
The goblin shouts! x2; You hear a shout!
The goblin shouts!
The goblin unwields a +0 club.
The goblin wields a +0 hunting sling.
The goblin shoots a stone.
The stone barely misses you.
Robin says, "A pitiful Vampire like you will never find the ORB!"
Robin roars a battlecry!
The goblins go into a battle-frenzy!
The hobgoblin hits you.
The goblin shoots a stone.
The stone hits you.
* * * LOW HITPOINT WARNING * * *
Robin throws the goblin at you!
The goblin shoots a stone.
The stone barely misses you. The goblin hits you but does no damage.
The goblin shouts!
Robin laughs in a distinctly smug fashion.
An endoplasm comes into view.
Robin throws the goblin at you!
The goblin no longer looks unusually strong.
The goblin no longer looks unusually strong.
The goblin closely misses you.
There is a stone staircase leading down here.
The hobgoblin no longer looks unusually strong.
Robin throws the goblin at you!
The goblin unwields a +0 hunting sling.
The goblin wields a +0 club.
The goblin hits you with a +0 club.
You die...

#.......# .##
#.......##..####
#.....!........#
#..............#
#..............#
#..............#
#..............#
#####...g.g.g..####
+.....g@.......
#..g!g.gg..###.#
##.#####........
#.#####r#####.#
#..gr....#
#..####..# #...
#..# ##### #..#
....


You could see Robin, a hobgoblin, 6 goblins and a rat.

Vanquished Creatures
  A ball python (D:2)
  An endoplasm (D:1)
  A hobgoblin (D:2)
  A kobold (D:2)
4 creatures vanquished.

Notes
Turn   | Place    | Note
-------+----------+-------------------------------------------
     0 | D:1      | 101zpm the Vampire Ice Elementalist began the quest for the
                  | Orb.
     0 | D:1      | Reached XP level 1. HP: 13/13 MP: 3/3
   211 | D:2      | You fall into a shaft and drop 1 floor!
   211 | D:3      | Noticed Robin
   211 | D:3      | Found Cowingut's Antique Weapon Boutique.
   231 | D:3      | Slain by a goblin

Illustrated notes

Levels and vault maps discovered:
D:1:      nicolae_arrival_somewhat_less_tricky_arrival, layout_rooms,
          chequers_ecumenical_altar_simple, minmay_tromino_v4_c
D:2:      layout_loops_corners, basic_altar, hex_tiny
D:3:      layout_basic, serial_bayou, serial_bayou_pond_c,
          serial_bayou_lagoon_b, serial_bayou_shore_b, serial_bayou_pond_d,
          serial_shops, shop, amethyst_killhole, uniq_robin

Action                   || total
-------------------------++-------
 Cast: Freeze            ||     8
Armor: Robe              ||     3
Dodge: Dodged            ||     7
